 Dungeon Crawl Stone Soup version 0.30-a0-760-g5a9884bb7c (webtiles) character file.

Game seed: 11893373091516555938

17795 Valamore the Arsonist (level 12, -8/54 HPs)
             Began as a Felid Conjurer on Feb 11, 2023.
             Was an Elder of Vehumet.
             Shot with an arrow by a centaur warrior (20 damage)
             ... on level 14 of the Dungeon.
             The game lasted 00:36:41 (26193 turns).

Valamore the Arsonist (Felid Conjurer)             Turns: 26193, Time: 00:36:41

Health: -8/54      AC:  3    Str:  3    XL:     12   Next: 22%
Magic:  21/34      EV: 22    Int: 24    God:    Vehumet [****..]
Gold:   1422       SH:  0    Dex: 15    Spells: 1/27 levels left
                                        Lives:  0   Deaths: 2

rFire   . . .      SeeInvis +    (weapon unavailable)
rCold   + + .      Faith    .    (shield unavailable)
rNeg    . . .      Spirit   .    (body armour unavailable)
rPois   .          Reflect  .    (helmet unavailable)
rElec   .          Harm     .    (cloak unavailable)
rCorr   .          Rampage  .    (gloves unavailable)
Will    +....                    (boots unavailable)
Stlth   ++++                     g - amulet of regeneration
HPRegen 1.09/turn                n - ring of protection from cold
MPRegen 0.24/turn                F - ring of magical power

@: about to teleport, quick
A: very small, claws 1, fangs 3, see invisible, speed 1, shaggy fur 3, stealthy
paws, no weapons or thrown items, no armour, multi-lived
a: Renounce Religion


You were on level 14 of the Dungeon.
You worshipped Vehumet.
Vehumet was greatly pleased with you.
You visited 3 branches of the dungeon, and saw 18 of its levels.

You collected 1654 gold pieces.
You spent 232 gold pieces at shops.

Inventory:

Missiles
 d - 3 throwing nets
 N - 4 boomerangs of dispersal
Jewellery
 g - an amulet of regeneration (around neck)
 n - a ring of protection from cold (left paw)
 x - a ring of resist corrosion
 A - a ring of protection from cold
 E - a ring of flight
 F - a ring of magical power (right paw)
 H - a ring of positive energy
 J - a ring of protection from cold
 O - an amulet of the acrobat
 T - a ring of poison resistance
Wands
 b - a wand of iceblast (12)
 v - a wand of digging (3)
 y - a wand of flame (33)
 C - a wand of charming (20)
 I - a wand of mindburst (14)
 Q - a wand of polymorph (4)
Scrolls
 c - 7 scrolls of fog
 f - 3 scrolls of immolation
 i - 2 scrolls of blinking {unknown}
 k - 4 scrolls of poison
 o - 4 scrolls of magic mapping
 q - a scroll of fear {unknown}
 t - 4 scrolls of teleportation
 D - 2 scrolls of amnesia
 G - a scroll of acquirement {unknown}
 K - a scroll of butterflies {unknown}
 L - a scroll of enchant armour {unknown}
 M - a scroll of vulnerability {unknown}
 R - a scroll of torment {unknown}
 S - 2 scrolls of identify
 U - a scroll of noise {unknown}
Potions
 a - a potion of magic
 e - 8 potions of flight
 h - 6 potions of haste
 j - 9 potions of brilliance
 l - 3 potions of lignification
 m - 2 potions of might
 p - 3 potions of mutation
 r - 4 potions of resistance
 s - 7 potions of attraction
 u - 8 potions of curing
 w - 5 potions of heal wounds
 z - a potion of cancellation {unknown}
 B - 2 potions of invisibility
Miscellaneous
 P - a lightning rod (4/4)


   Skills:
 - Level 7.1 Fighting
 - Level 9.1 Dodging
 - Level 9.0 Stealth
 - Level 8.0 Spellcasting
 - Level 8.0 Conjurations
 - Level 8.0 Hexes
 - Level 8.0 Translocations
 + Level 13.3 Fire Magic
 - Level 6.0 Earth Magic


You had one spell level left.
You knew the following spells:

 Your Spells              Type           Power      Damage    Failure   Level
a - Magic Dart            Conj           100%       1d8       1%          1
b - Stone Arrow           Conj/Erth      86%        3d12      1%          3
c - Iskenderun's Mystic   Conj/Tloc      48%        2d11      1%          4
d - Scorch                Fire           100%       2d10      1%          2
e - Fulminant Prism       Conj/Hex       24%        3d12      1%          4
f - Searing Ray           Conj           96%        2d7       1%          2
g - Fireball              Conj/Fire      28%        3d12      1%          5
h - Iskenderun's Battles  Conj           48%        2d10      1%          5

Your spell library contained the following spells:

 Spells                   Type           Power      Damage    Failure   Level
 Apportation              Tloc           96%        N/A       1%          1
 Kiss of Death            Conj/Necr      100%       2d13      1%          1
 Sandblast                Erth           76%        2d16      1%          1
 Confusing Touch          Hex            48%        N/A       1%          3
 Dazzling Flash           Conj/Hex       96%        N/A       1%          3
 Ignite Poison            Fire/Tmut/Pois 31%        N/A       1%          3
 Inner Flame              Hex/Fire       57%        N/A       1%          3
 Mephitic Cloud           Conj/Pois/Air  22%        N/A       1%          3
 Flame Wave               Conj/Fire      57%        2d14      1%          4
 Sticky Flame             Conj/Fire      57%        2d7       1%          4
 Passwall                 Tmut/Erth      20%        N/A       2%          2
 Call Imp                 Summ           9%         N/A       10%         2
 Anguish                  Hex/Necr       14%        N/A       12%         4
 Iron Shot                Conj/Erth      21%        9d5       16%         6
 Conjure Ball Lightning   Conj/Air       14%        3x3d6     41%         6
 Ignition                 Fire           32%        3d10      41%         8
 Orb of Destruction       Conj           24%        9d9       45%         7
 Dispel Undead            Necr           9%         3d8       54%         4
 Enfeeble                 Hex            24%        N/A       90%         7


Dungeon Overview and Level Annotations

Branches:
Dungeon (14/15)            Temple (1/1) D:4            Lair (3/5) D:8
  Swamp (0/4) Lair:3          Orc (0/2) D:11         Vaults (0/5) D:14
  Snake: Lair:2-3    Spider: Lair:2-3

Altars:
Ashenzari
Cheibriados
Dithmenos
Elyvilon
Fedhas
Gozag
Hepliaklqana
Kikubaaqudgha
Makhleb
Nemelex Xobeh
Okawaru
Qazlal
Ru
Sif Muna
Trog
Uskayaw
Vehumet
Wu Jian
Xom
Yredelemnul
Zin
The Shining One

Shops:
D:7 *   D:8 [!!=   D:13 *[*?:

Annotations:
D:7 exclusion: hornet


Innate Abilities, Weirdness & Mutations

You have sharp claws.
You have razor-sharp teeth.
You have supernaturally acute eyesight. (SInv)
You cover ground quickly. (Speed+)
Your thick and shaggy fur keeps you warm. (AC +3, rC+)
Your paws help you pounce on unaware monsters.
You are incapable of wielding weapons or throwing items.
You cannot wear armour.
You gain extra lives every three experience levels.


Message History

The centaur warrior wields a +0 shortbow.
The centaur warrior shoots an arrow.
The arrow hits you!!
Casting: Iskenderun's Mystic Blast (dangerous; 1% risk of failure)
Confirm with . or Enter, or press ? or * to list all spells.
You erupt in a blast of force!
The mystic blast hits the vampire mosquito!
The vampire mosquito is heavily damaged.
The mystic blast hits the centaur warrior!
The centaur warrior is moderately wounded.
The centaur warrior is knocked back by the mystic blast.
The centaur warrior slams into the rock wall!
The centaur warrior is moderately wounded.
The mystic blast hits the boulder beetle.
The boulder beetle is moderately wounded.
The boulder beetle is knocked back by the mystic blast.
Casting: Iskenderun's Mystic Blast (dangerous; 1% risk of failure)
Confirm with . or Enter, or press ? or * to list all spells.
You erupt in a blast of force!
The mystic blast hits the boulder beetle.
The boulder beetle is moderately wounded.
The boulder beetle is knocked back by the mystic blast.
The boulder beetle slams into the rock wall!
The boulder beetle is moderately wounded.
The mystic blast hits the white ugly thing!!
The white ugly thing is moderately wounded.
The white ugly thing is knocked back by the mystic blast.
The mystic blast hits the centaur warrior!
The centaur warrior is heavily wounded.
The mystic blast hits the vampire mosquito!
The vampire mosquito is almost destroyed.
The vampire mosquito is knocked back by the mystic blast.
The vampire mosquito collides with the boulder beetle!
The boulder beetle is moderately wounded.
You destroy the vampire mosquito!
Vehumet accepts your kill.
You feel your power returning.
The centaur warrior shoots an arrow.
The arrow hits you!
* * * LOW HITPOINT WARNING * * *
The centaur warrior shoots an arrow.
The arrow hits you!!
You die...

...#
..........#
#.##
..........# #.#
..........#
..........####
.............##
..........#...#
..............#
#.......##....#
##.....####@..#
##...# ##..#
##+# ##†c# ..c
##.uB# #Ou.#
##u...#
.c.u..#O....#
.pppW.p.....#
.J..uJ#.....#
#.c.#.##....#


You could see a boulder beetle, a white ugly thing and a centaur warrior.

Vanquished Creatures
  Snorg (D:11)
  3 hydras
  A centaur warrior (D:13)
  A boulder beetle (D:14)
  A death yak (Lair:2)
  3 two-headed ogres
  Urug (D:12)
  Lodul (D:12)
  5 deep elf pyromancers
  A wolf spider (D:13)
  6 manticores
  2 cyclopes (D:13)
  Maurice (D:11)
  7 elephants
  A black mamba (Lair:2)
  A gargoyle (D:12)
  An unseen horror (D:11)
  3 rime drakes (Lair:3)
  8 cane toads
  An efreet (D:13)
  A freezing wraith (D:13)
  4 komodo dragons
  A tengu conjurer (D:14)
  4 red devils (D:13)
  3 trolls
  4 hornets
  3 meliai (D:13)
  2 polar bears
  2 tyrant leeches (Lair:3)
  3 blink frogs (Lair:2)
  A jumping spider (shapeshifter) (D:10)
  8 slime creatures
  3 shadows
  2 wraiths
  3 wyverns
  10 yaks
  8 basilisks
  A steam dragon (Lair:3)
  A vampire mosquito (D:14)
  3 swamp worms (Lair:3)
  9 water moccasins
  A sky beast (D:5)
  3 black bears
  4 ice beasts
  4 orc warriors
  9 ogres
  12 wolves
  2 centaurs
  3 phantoms
  16 bullfrogs
  2 gnoll sergeants
  4 scorpions
  15 wights
  3 troll zombies (D:11)
  10 killer bees
  2 electric eels (Lair:2)
  A howler monkey (D:10)
  2 hounds
  3 orc priests
  A jelly (D:5)
  Jessica (D:2)
  15 orc wizards
  7 iguanas
  3 ogre zombies (D:11)
  6 gnolls
  12 adders
  2 shadow imps
  3 white imps
  A worm (D:1)
  45 orcs
  6 ball pythons
  9 bats
  5 endoplasms
  4 giant cockroaches
  7 goblins
  15 hobgoblins
  4 jackals (D:4)
  3 quokkas
  2 frilled lizards (D:2)
  A goblin skeleton (D:11)
  2 goblin zombies (D:11)
  3 hobgoblin skeletons (D:11)
  A hobgoblin zombie (D:11)
  7 kobolds
  An orc skeleton (D:11)
  11 orc zombies (D:11)
  6 rats
404 creatures vanquished.

Vanquished Creatures (others)
  64 fulminant prisms
  44 fungi
  73 plants
181 creatures vanquished.

Grand Total: 585 creatures vanquished

Notes
Turn   | Place    | Note
-------+----------+-------------------------------------------
     0 | D:1      | Valamore the Felid Conjurer began the quest for the Orb.
     0 | D:1      | Reached XP level 1. HP: 7/7 MP: 4/4
     2 | D:1      | Noticed a human
     2 | D:1      | Noticed a felid
     4 | D:1      | Noticed a demonspawn
     4 | D:1      | Noticed a tengu
     6 | D:1      | Noticed an ogre
     6 | D:1      | Noticed a spriggan
     8 | D:1      | Noticed a minotaur
    10 | D:1      | Noticed a draconian
    10 | D:1      | Noticed a demigod
    12 | D:1      | Noticed an elf
    12 | D:1      | Noticed an armataur
    14 | D:1      | Noticed a vine stalker
    14 | D:1      | Noticed a formicid
    16 | D:1      | Noticed a gargoyle
    16 | D:1      | Noticed a troll
    18 | D:1      | Noticed a naga
    18 | D:1      | Noticed a meteoran
    20 | D:1      | Noticed a ghoul
    20 | D:1      | Noticed a vampire
    22 | D:1      | Noticed a merfolk
    24 | D:1      | Noticed a naga
    24 | D:1      | Noticed an octopode
    26 | D:1      | Noticed a felid
    26 | D:1      | Noticed a naga
   327 | D:1      | Reached XP level 2. HP: 11/11 MP: 3/6
   387 | D:1      | Learned a level 2 spell: Searing Ray
  1150 | D:1      | Reached XP level 3. HP: 14/14 MP: 0/8
  1233 | D:2      | Found a faded altar of an unknown god.
  1519 | D:2      | Found a bloodstained altar of Trog.
  1619 | D:2      | Noticed Jessica
  1623 | D:2      | Killed Jessica
  1624 | D:2      | Reached XP level 4. HP: 18/18 MP: 2/9
  2531 | D:3      | Noticed a black bear
  2537 | D:3      | Killed a black bear
  2538 | D:3      | Reached skill level 5 in Conjurations
  2538 | D:3      | Reached XP level 5. HP: 21/21 MP: 1/12
  3152 | D:3      | Found a bloodstained altar of Trog.
  3152 | D:3      | Found a shimmering altar of Xom.
  3172 | D:4      | Noticed an ogre
  3209 | D:3      | Killed an ogre
  3210 | D:3      | Gained mutation: You are covered in thick fur. (AC +2)
                  | [Felid growth]
  3210 | D:3      | Reached XP level 6. HP: 24/24 MP: 1/13
  3735 | D:4      | Found a staircase to the Ecumenical Temple.
  3902 | Temple   | Entered the Ecumenical Temple
  4202 | Temple   | Became a worshipper of Vehumet
  4823 | D:4      | Reached XP level 7. HP: 27/27 MP: 7/14
  5094 | D:5      | Entered Level 5 of the Dungeon
  5383 | D:5      | Found an iron altar of Okawaru.
  5621 | D:5      | Reached skill level 1 in Translocations
  5695 | D:5      | Reached skill level 1 in Fighting
  5787 | D:5      | Reached * piety under Vehumet
  5787 | D:5      | Offered knowledge of Freeze by Vehumet.
  6005 | D:5      | Reached XP level 8. HP: 32/32 MP: 15/15
  6450 | D:6      | Reached skill level 5 in Translocations
  7286 | D:7      | Found Zin's Purification Station.
  7286 | D:7      | Found a glowing silver altar of Zin.
  7287 | D:7      | Noticed a hornet
  7521 | D:7      | Reached skill level 5 in Fighting
  7711 | D:7      | Reached XP level 9. HP: 32/40 MP: 16/16
  7716 | D:7      | Learned a level 4 spell: Iskenderun's Mystic Blast
  8057 | D:7      | Reached skill level 5 in Dodging
  8057 | D:7      | Reached skill level 5 in Stealth
  8825 | D:8      | Found Puoqut's Armour Shop.
  8874 | D:8      | Found Lihykamp's Distillery.
  8878 | D:8      | Reached ** piety under Vehumet
  8878 | D:8      | Offered knowledge of Scorch by Vehumet.
  9013 | D:8      | Bought a potion of heal wounds for 80 gold pieces
  9013 | D:8      | Bought a potion of invisibility for 128 gold pieces
  9376 | D:8      | Found Cigrued's Jewellery Shoppe.
  9389 | D:8      | Found Gusa's Jewellery Emporium.
  9413 | D:8      | Found Wiw Beocw's Distillery.
  9484 | D:8      | Reached skill level 1 in Hexes
  9719 | D:8      | Reached XP level 10. HP: 44/44 MP: 9/17
 10170 | D:8      | Found a sacrificial altar of Ru.
 10307 | D:8      | Found a staircase to the Lair.
 10590 | D:8      | Found a burning altar of Makhleb.
 10690 | D:9      | Reached skill level 5 in Hexes
 11095 | D:9      | Learned a level 2 spell: Scorch
 11237 | D:9      | Offered knowledge of Mephitic Cloud by Vehumet.
 11652 | D:10     | Entered Level 10 of the Dungeon
 11975 | D:10     | Reached *** piety under Vehumet
 12661 | D:10     | a tyrant leech changed into a great orb of eyes
 12661 | D:10     | Noticed a great orb of eyes (shapeshifter)
 12903 | D:10     | Reached skill level 5 in Spellcasting
 13174 | D:11     | Noticed a manticore
 13283 | Lair:1   | Entered Level 1 of the Lair of Beasts
 13484 | Lair:1   | Learned a level 4 spell: Fulminant Prism
 13567 | Lair:1   | Reached XP level 11. HP: 50/50 MP: 17/21
 13916 | Lair:1   | Offered knowledge of Frozen Ramparts by Vehumet.
 14498 | Lair:2   | Found the +7 Kryia's mail coat {PotionHeal*2 rC+}
 15113 | Lair:2   | Reached skill level 1 in Fire Magic
 15179 | Lair:2   | Reached skill level 2 in Fire Magic
 15511 | Lair:2   | Reached skill level 3 in Fire Magic
 15582 | Lair:2   | Reached skill level 4 in Fire Magic
 15641 | Lair:2   | Noticed a death yak
 15839 | Lair:2   | Killed a death yak
 15858 | Lair:2   | Reached skill level 5 in Fire Magic
 16333 | Lair:2   | Identified the +0 chain mail of Integrity {Str+8}
 16349 | Lair:2   | Reached skill level 6 in Fire Magic
 16781 | Lair:3   | Reached skill level 7 in Fire Magic
 16921 | Lair:3   | Reached **** piety under Vehumet
 17106 | Lair:3   | Offered knowledge of Stone Arrow by Vehumet.
 17111 | Lair:3   | Learned a level 3 spell: Stone Arrow
 17290 | Lair:3   | Gained mutation: Your thick and shaggy fur keeps you warm.
                  | (AC +3, rC+) [Felid growth]
 17290 | Lair:3   | Reached XP level 12. HP: 54/54 MP: 24/25
 17529 | Lair:3   | Reached skill level 8 in Fire Magic
 17752 | Lair:3   | Noticed a four-headed hydra
 17767 | Lair:3   | Noticed a seven-headed hydra
 17921 | Lair:3   | Killed a seven-headed hydra
 18289 | Lair:3   | Reached skill level 5 in Earth Magic
 18449 | Lair:3   | Found a staircase to the Swamp.
 18641 | Lair:3   | Killed a four-headed hydra
 19313 | D:11     | Found a staircase to the Orcish Mines.
 19536 | D:11     | Reached ***** piety under Vehumet
 19536 | D:11     | Offered knowledge of Orb of Destruction by Vehumet.
 19938 | D:11     | Noticed a two-headed ogre
 19945 | D:11     | Killed a two-headed ogre
 20039 | D:11     | Noticed Snorg
 20046 | D:11     | Slain by Snorg
 20047 | D:11     | Reached XP level 11. HP: -1/50 MP: 11/24
 20066 | D:11     | Killed Snorg
 20067 | D:11     | Reached skill level 9 in Fire Magic
 20429 | D:11     | Noticed a boulder beetle
 20929 | D:11     | Noticed Maurice
 20938 | D:11     | Killed Maurice
 21369 | D:12     | Reached skill level 10 in Fire Magic
 21376 | D:12     | Reached XP level 12. HP: 54/54 MP: 12/25
 21659 | D:12     | Noticed Urug
 21680 | D:12     | Killed Urug
 21742 | D:12     | Noticed a two-headed ogre
 21828 | D:12     | Killed a two-headed ogre
 22004 | D:12     | Noticed Lodul
 22206 | D:12     | Killed Lodul
 22438 | D:12     | Reached skill level 11 in Fire Magic
 22680 | D:13     | Found Tur Till's Book Shop.
 23082 | D:13     | Found Xarura's Magic Scroll Shoppe.
 23295 | D:13     | Noticed Nessos
 23296 | D:13     | Nessos changed into Nessos the cane toad
 23296 | D:13     | Noticed Nessos
 23300 | D:13     | Killed Nessos the cane toad
 23417 | D:13     | Found Caeghasch's Antique Armour Emporium.
 23488 | D:13     | Found Ytuff's Assorted Antiques.
 23497 | D:13     | Bought a scroll labelled ZOKETI RA EHAAJY for 24 gold
                  | pieces
 23839 | D:13     | Found Reabuwai's General Store.
 23849 | D:13     | Noticed a centaur warrior
 23855 | D:13     | Killed a centaur warrior
 24031 | D:13     | Reached skill level 12 in Fire Magic
 24142 | D:13     | Noticed an eight-headed hydra
 24151 | D:13     | Killed an eight-headed hydra
 24406 | D:13     | Noticed a two-headed ogre
 24410 | D:13     | Killed a two-headed ogre
 25099 | D:13     | Hit by a large rock thrown by a cyclops
 25100 | D:13     | Reached XP level 11. HP: -10/50 MP: 7/24
 25226 | D:13     | Reached XP level 12. HP: 54/54 MP: 16/25
 25334 | D:13     | Got Qarihout's Grimoire of Indemnity
 25341 | D:13     | Learned a level 5 spell: Fireball
 25347 | D:13     | Learned a level 5 spell: Iskenderun's Battlesphere
 25463 | D:14     | Reached skill level 13 in Fire Magic
 25693 | D:14     | Noticed a boulder beetle
 25704 | D:14     | Killed a boulder beetle
 26182 | D:14     | Found a gate to the Vaults.
 26182 | D:14     | Noticed a two-headed ogre
 26182 | D:14     | Noticed a centaur warrior
 26182 | D:14     | Noticed a centaur warrior
 26182 | D:14     | Noticed a vault guard
 26182 | D:14     | Noticed a boulder beetle
 26182 | D:14     | Noticed a vault guard
 26182 | D:14     | Noticed a vault guard
 26182 | D:14     | Noticed a vault guard
 26193 | D:14     | Shot with an arrow by a centaur warrior

Illustrated notes

Levels and vault maps discovered:
D:1:      kb_arrival_jail, layout_basic
D:2:      layout_loops_ring, basic_altar, ebering_ecumenical_altar_abandoned,
          serial_bayou_ford_a, nicolae_half_adder, uniq_jessica
D:3:      layout_loops_ring, gammafunk_temple_overflow_wave
D:4:      corexii_shack_village, layout_loops_cross,
          minmay_temple_entry_purple_smoke, lemuel_flame_loot_1
D:5:      layout_basic, mainiacjoe_overflow_paths, serial_bayou,
          serial_bayou_lagoon_a, serial_bayou_pond_d, serial_bayou_shore_b,
          serial_bayou_crossing
D:6:      layout_rooms
D:7:      layout_loops_ring, zin_purify
D:8:      old_forge, layout_loops_ring, lightli_temple_of_fire,
          nicolae_ru_awakened_eye, david_lair_generic, serial_shops,
          nicolae_shop_statue_plus, kennysheep_mini_moat, nicolae_shop_crystal,
          shop, nicolae_shop_advertising_works [nicolae_subvault_shop_adworks]
D:9:      layout_rooms
D:10:     layout_long_grid
D:11:     layout_gridville, zombieorc1_lemuel, uniq_snorg, uniq_maurice
D:12:     layout_loops_ring, uniq_lodul, uniq_urug
D:13:     minmay_tri_box, layout_stronghold, serial_shops, shop, shop,
          nicolae_take_the_stairs, shop, shop, minmay_misc_feat_diagonals,
          einodemon_armed_red_devil_minivault, uniq_nessos
D:14:     layout_basic, lightli_vaults_fourway_checkpoint,
          minmay_misc_feat_square
Temple:   minmay_temple_bridge_d
Lair:1:   layout_regular_city, nicolae_volcano_entry_hallway, minivault_19,
          grunt_megastairs_3
Lair:2:   nzn_winding_woodlands_huge [nzn_winding_woodlands_5x15_sidewinder,
          nzn_winding_woodlands_5x15_garden,
          nzn_winding_woodlands_5x15_concentric,
          nzn_winding_woodlands_5x15_parted, nzn_winding_woodlands_5x15_eye,
          nzn_winding_woodlands_5x15_lazy_stream,
          nzn_winding_woodlands_5x15_pathside_ponds,
          nzn_winding_woodlands_5x15_river_crossing,
          nzn_winding_woodlands_5x15_twine, nzn_winding_woodlands_5x15_pockets,
          nzn_winding_woodlands_center_triple_pond,
          nzn_winding_woodlands_center_lodge,
          nzn_winding_woodlands_15x15_boxy_spiral], layout_cellular_growth,
          guppyfry_snake_entry_island, serial_bayou_pond_b
Lair:3:   layout_regular_city, palyth_hydra_swamp_entry, grunt_megastairs_1

Skill      XL: |  1  2  3  4  5  6  7  8  9 10 11 12 |
---------------+-------------------------------------+-----
Conjurations   | 4 5 6 8 |  8.0
Spellcasting   | 3 4 6 8 |  8.0
Translocations | 3 8 |  8.0
Fighting       | 1 5 7 |  7.1
Dodging        | 3 8 9 |  9.1
Stealth        | 3 8 9 |  9.0
Hexes          | 2 8 |  8.0
Fire Magic     | 10 13 | 13.3
Earth Magic    | 6 |  6.0

Action                     |  1- 3 |  4- 6 |  7- 9 | 10-12 || total
---------------------------+-------+-------+-------+-------++-------
  Melee: Unarmed           |       |       |     1 |     5 ||     6
         Bite              |       |       |       |     1 ||     1
   Cast: Magic Dart        |    55 |    96 |   115 |   172 ||   438
         Searing Ray       |     2 |    17 |    59 |    70 ||   148
         Iskenderun's Myst |       |       |    40 |   168 ||   208
         Scorch            |       |       |       |     6 ||     6
         Stone Arrow       |       |       |       |   236 ||   236
         Fulminant Prism   |       |       |       |    64 ||    64
         Fireball          |       |       |       |     5 ||     5
         Iskenderun's Batt |       |       |       |     3 ||     3
  Evoke: Wand              |       |       |       |     3 ||     3
    Use: Scroll            |       |     2 |    10 |     8 ||    20
         Potion            |       |       |       |     2 ||     2
   Stab: Distracted        |       |       |       |     1 ||     1
 Armour: Skin              |     2 |       |     5 |     9 ||    16
  Dodge: Dodged            |     3 |    14 |    69 |   222 ||   308

Table legend: (Time is in decaauts)
 A = Elapsed time spent in this place.
 B = Non-inter-level travel time spent in this place.
 C = Inter-level travel time spent in this place.
 D = Time resting spent in this place.
 E = Time spent auto-exploring this place.
 F = Levels seen in this place.
 G = Mean time per level.
                   A        B        C        D        E       F      G
               +--------+--------+--------+--------+--------+-----+--------+
         Total |  23783 |  23002 |    781 |   3738 |  16029 |  18 | 1321.3 |
       Dungeon |  18213 |  17699 |    514 |   2776 |  12583 |  14 | 1300.9 |
        Temple |    298 |    182 |    116 |      0 |    172 |   1 |  298.0 |
          Lair |   5272 |   5121 |    151 |    961 |   3274 |   3 | 1757.3 |
               +--------+--------+--------+--------+--------+-----+--------+

Top non-repeatable levels by time:
    D:13: 2235 daAuts
  Lair:2: 2099 daAuts
  Lair:3: 2062 daAuts
    D:11: 1684 daAuts
    D:10: 1582 daAuts
    D:12: 1529 daAuts
     D:8: 1457 daAuts
     D:7: 1368 daAuts
     D:4: 1292 daAuts
     D:5: 1223 daAuts
     D:9: 1157 daAuts
  Lair:1: 1110 daAuts
     D:6: 1068 daAuts
     D:1: 1014 daAuts
     D:2: 996 daAuts
